 Dungeon Crawl Stone Soup version 0.28-a0-407-g69098e2f6d (console) character file.

Game seed: 11450331502746551768

25 nht the Sneak (level 3, -3/27 HPs)
             Began as a Merfolk Brigand on Sept 5, 2021.
             Slain by a kobold (4 damage)
             ... on level 2 of the Dungeon.
             The game lasted 00:01:44 (1044 turns).

nht the Sneak (Merfolk Brigand)                     Turns: 1044, Time: 00:01:45

Health: -3/27      AC:  4    Str: 11    XL:     3   Next: 6%
Magic:  3/3        EV: 12    Int: 10    God:
Gold:   33         SH:  0    Dex: 16    Spells: 2/2 levels left

rFire   . . .      SeeInvis .   a - +2 dagger
rCold   . . .      Faith    .   (no shield)
rNeg    . . .      Spirit   .   b - +0 robe
rPois   .          Reflect  .   (no helmet)
rElec   .          Harm     .   c - +0 cloak
rCorr   .          Rampage  .   f - +0 pair of gloves
Will    .....                   (no boots)
Stlth   +++.......              (no amulet)
HPRegen 0.09/turn               (no ring)
MPRegen 0.08/turn               (no ring)

@: no status effects
A: (nimble swimmer 2), mertail
a: no special abilities


You were on level 2 of the Dungeon.
You visited 1 branch of the dungeon, and saw 2 of its levels.

You collected 33 gold pieces.

Inventory:

Hand Weapons
 a - a +2 dagger (weapon)
Missiles
 d - 19 poisoned darts
 e - a curare-tipped dart (quivered)
Armour
 b - a +0 robe (worn)
 c - a +0 cloak (worn)
 f - a +0 pair of gloves (worn)
Scrolls
 i - a scroll of teleportation
Potions
 h - a potion of curing


   Skills:
 - Level 2.1 Fighting
 * Level 4.2 Short Blades
 - Level 2.0 Throwing
 - Level 1.3 Dodging
 - Level 4.3 Stealth


You had 2 spell levels left.
You didn't know any spells.
Your spell library contained the following spells:

 Spells                   Type           Power      Damage    Failure   Level
 Freeze                   Ice            0%         1d3       36%         1
 Pain                     Necr           0%         1d4       36%         1
 Sandblast                Erth           0%         2d4       36%         1
 Passwall                 Tmut/Erth      0%         N/A       50%         2
 Sublimation of Blood     Necr           0%         N/A       50%         2
 Stone Arrow              Conj/Erth      0%         3d7       75%         3
 Animate Dead             Necr           0%         N/A       98%         4
 Borgnjor's Vile Clutch   Necr/Erth      0%         N/A       100%        5


Dungeon Overview and Level Annotations

Branches:
Dungeon (2/15)

Altars:


Innate Abilities, Weirdness & Mutations

((You are quick and stealthy near water. (Stealth+, EV+, Speed+++)))
Your lower body shifts to a powerful aquatic tail in water.


Message History

You closely miss the bat. The bat closely misses you. The bat misses you.
You hit the bat.
The bat is moderately wounded.
The bat hits you but does no damage. The bat closely misses you.
Okay, then.
As you read the scroll labelled XOIV FONUNLUMIEF, it crumbles to dust.
It is a scroll of identify.
h - a potion of curing The bat hits you.
The bat hits you but does no damage.
As you read the scroll of identify, it crumbles to dust.
i - a scroll of teleportation The bat closely misses you.
The bat barely misses you.
You hit the bat.
You kill the bat!
You hit the kobold but do no damage. The kobold completely misses you.
You hit the kobold but do no damage. The kobold hits you but does no damage.
You hit the kobold but do no damage. You hit the kobold.
The kobold is moderately wounded.
The kobold hits you with a +0 short sword.
You hit the kobold.
You kill the kobold!
You barely miss the kobold. The kobold barely misses you.
You barely miss the kobold. The kobold misses you.
You hit the kobold but do no damage. You closely miss the kobold.
The kobold hits you with a +1 whip of electrocution.
You are electrocuted!
You closely miss the kobold. The kobold hits you but does no damage.
Okay, then.
You closely miss the kobold. The kobold hits you but does no damage.
You are electrocuted!
* * * LOW HITPOINT WARNING * * *
Unknown command.
Throw: 2 darts (curare)
Press: ? - help, Q - select action, (/) - cycle Shift-Dir - straight line, f - kobold
Aim: a kobold, wielding a +1 whip of electrocution (55% to hit)
You throw a curare-tipped dart.
The curare-tipped dart closely misses the kobold.
The kobold hits you with a +1 whip of electrocution.
You die... ..█.█ █.█████ █.█.. █.█ █.█ ████ ███████.█ ██(..█ ......█.█ █?$[$?

███...██ █ █!((.g
█.)██...█ █. █($.Kg
█....█...█ █..
█.)$h█S!...█...█
..█████K█ ██...█
....█@█████....██.█
█.██.██............
█.'...█.......██.██
█.██(██.......█ ..
█..███........█ ██
██......████████
█....████ █....█
█....█ █....█
█....█


You could see an adder, a jackal, 2 hobgoblins and 2 kobolds.

Vanquished Creatures
  A dart slug (D:1)
  A giant cockroach (D:1)
  4 hobgoblins
  3 jackals (D:1)
  2 kobolds
  A quokka (D:2)
  4 ball pythons (D:1)
  2 bats
  A goblin (D:1)
  2 rats
21 creatures vanquished.

Notes
Turn   | Place    | Note
-------+----------+-------------------------------------------
     0 | D:1      | nht the Merfolk Brigand began the quest for the Orb.
     0 | D:1      | Reached XP level 1. HP: 16/16 MP: 1/1
   263 | D:1      | Reached XP level 2. HP: 22/22 MP: 2/2
   537 | D:1      | Got the Catalogue of the Unstoppable Mouths
  1017 | D:2      | Reached XP level 3. HP: 27/27 MP: 3/3
  1043 | D:2      | HP: 1/27 [kobold (13)]
  1044 | D:2      | Slain by a kobold

Illustrated notes

Levels and vault maps discovered:
D:1:      dpeg_arrival_lava_altar, layout_basic, serial_bayou_ford_a,
          chequers_serial_rivers_marsh, minmay_misc_feat_enclosed
D:2:      layout_basic, hellmonk_ecumenical_altar_run_dry, minmay_joined_circles

Skill      XL: |  1  2 |
---------------+-------+-----
Short Blades   | 3 4 |  4.2
Fighting       | |  2.1
Throwing       | |  2.0
Dodging        | |  1.3
Stealth        | |  4.3

Action                   || total
-------------------------++-------
Melee: Dagger            ||    58
Throw: Dart              ||    17
  Use: Scroll            ||     2
 Stab: Sleeping          ||     5
Armor: Robe              ||    14
Dodge: Dodged            ||    26

Table legend: (Time is in decaauts)
 A = Elapsed time spent in this place.
 B = Non-inter-level travel time spent in this place.
 C = Inter-level travel time spent in this place.
 D = Time resting spent in this place.
 E = Time spent auto-exploring this place.
 F = Levels seen in this place.
 G = Mean time per level.
                   A        B        C        D        E       F      G
               +--------+--------+--------+--------+--------+-----+--------+
         Total |   1019 |    996 |     23 |      0 |    847 |   2 |  509.5 |
       Dungeon |   1019 |    996 |     23 |      0 |    847 |   2 |  509.5 |
               +--------+--------+--------+--------+--------+-----+--------+

Top non-repeatable levels by time:
     D:1: 892 daAuts
     D:2: 127 daAuts
